AoeStats
← pale.feola

Black Forest

509715482Analyzed
2v2 RM · 5d ago on Sep 27, 2026· 51m 11s· 4 players
Game mode
Random Map
Map size
Medium (4 player)
Population
200
Speed
Normal
Resources
Standard
Victory
Conquest
Starting age
Dark Age
Ending age
Imperial Age
RankedLock teamsTeams togetherTeam positionsShared explorationLock speedFull tech treeHidden civsTurbo modeCheats
Victory
Defeat
🇮🇹 Franks · Italy
764
+15
🇮🇹 Khmer · Italy
761
+15
🇹🇷 Teutons · Türkiye
764
-15
🇦🇷 Spanish · Argentina
735
-32
Giank
2:44 Loom
13:49 Feudal Age
16:58 Castle Age
15:35 Double-Bit Axe
18:38 Bow Saw
21:04 Town Watch
27:38 Horse Collar
29:41 Wheelbarrow
30:48 Husbandry
31:02 Bloodlines
34:38 Imperial Age
33:23 Fletching
33:43 Forging
33:35 Padded Archer Armor
33:35 Scale Mail Armor
34:27 Ballistics
34:18 Masonry
36:25 Coinage
37:24 Bodkin Arrow
39:46 Chemistry
38:58 Fortified Wall
38:45 Murder Holes
39:24 Bracer
40:02 Heavy Plow
40:38 Leather Archer Armor
41:20 Conscription
42:30 Hoardings
42:44 Crop Rotation
44:14 Tusk Swords
44:33 Scale Barding Armor
45:00 Ring Archer Armor
44:46 Chain Mail Armor
45:07 Iron Casting
46:44 Double Crossbow
49:29 Light Cavalry
50:45 Heavy Scorpion
pale.feola
10:54 Feudal Age
14:28 Castle Age
13:50 Loom
13:57 Double-Bit Axe
15:53 Bow Saw
22:14 Wheelbarrow
21:31 Town Watch
22:25 Town Patrol
23:47 Hand Cart
27:14 Gold Mining
27:16 Stone Mining
30:03 Imperial Age
28:34 Gold Shaft Mining
31:11 Fortified Wall
31:37 Forging
31:33 Scale Barding Armor
31:28 Scale Mail Armor
34:28 Chemistry
33:35 Siege Engineers
33:15 Man-at-Arms
33:43 Gambesons
33:59 Squires
33:19 Pikeman
33:45 Arson
34:39 Iron Casting
34:25 Chain Barding Armor
34:20 Chain Mail Armor
33:29 Cavalier
34:12 Husbandry
34:01 Halberdier
34:02 Long Swordsman
34:55 Paladin
35:05 Two-Handed Swordsman
35:58 Onager
38:15 Blast Furnace
37:52 Plate Barding Armor
37:54 Plate Mail Armor
38:20 Caravan
37:59 Champion
45:36 Masonry
48:35 Conscription
49:26 Coinage
49:02 Chivalry
49:40 Hoardings
51:50 Banking
Negro Cosmico
10:43 Feudal Age
13:34 Double-Bit Axe
14:12 Gold Mining
20:23 Castle Age
18:26 Man-at-Arms
20:02 Horse Collar
20:11 Arson
20:37 Stone Mining
22:11 Stone Shaft Mining
23:32 Forging
24:53 Wheelbarrow
24:49 Gambesons
25:05 Squires
26:45 Long Swordsman
26:47 Pikeman
28:04 Heavy Plow
29:34 Hand Cart
29:05 Loom
31:08 Elite Skirmisher
31:54 Thumb Ring
32:40 Iron Casting
32:06 Scale Mail Armor
32:11 Scale Barding Armor
33:10 Town Watch
36:59 Imperial Age
34:08 Light Cavalry
36:21 Bloodlines
36:13 Husbandry
36:19 Scale Mail Armor
36:24 Scale Barding Armor
36:10 Fletching
36:20 Padded Archer Armor
38:12 Caravan
38:42 Coinage
38:22 Guilds
38:09 Two-Handed Swordsman
38:09 Halberdier
41:02 Town Patrol
40:44 Hussar
40:44 Cavalier
metinyus5
12:05 Feudal Age
13:45 Double-Bit Axe
17:35 Wheelbarrow
16:47 Loom
16:48 Town Watch
19:59 Castle Age
20:09 Horse Collar
20:24 Gold Mining
20:25 Stone Mining
20:25 Loom
20:26 Town Watch
21:37 Heavy Plow
22:08 Bow Saw
23:36 Stone Shaft Mining
23:43 Hand Cart
29:15 Padded Archer Armor
29:06 Fletching
29:26 Forging
29:16 Scale Mail Armor
35:37 Imperial Age
33:07 Town Patrol
33:05 Bodkin Arrow
33:26 Leather Archer Armor
33:46 Iron Casting
33:18 Scale Barding Armor
34:57 Masonry
35:21 Ballistics
36:08 Onager
36:09 Capped Ram
38:17 Crop Rotation
38:52 Two-Man Saw
38:51 Caravan
40:08 Ring Archer Armor
40:48 Chain Barding Armor
41:28 Blast Furnace
40:43 Chain Mail Armor
42:04 Chemistry
41:18 Bloodlines
43:44 Pikeman
44:24 Squires
44:10 Arson
43:50 Siege Onager
44:04 Cavalier
44:28 Halberdier
47:19 Plate Mail Armor
47:25 Plate Barding Armor
47:23 Ironclad
47:24 Conscription
Connection lost

Rejoining the realm…

Still unreachable

The connection could not be restored.

Session expired

The server has moved on; the page needs a fresh start.